 Dungeon Crawl Stone Soup version 0.32-a0-818-gb728d0252e (webtiles) character file.

Game seed: 5627276350170351052

38 GloriousHammer the Firebug (level 3, -1/24 HPs)
             Began as a Demonspawn Fire Elementalist on Mar 25, 2024.
             Constricted to death by a ball python (2 damage)
             ... on level 2 of the Dungeon.
             The game lasted 00:02:56 (975 turns).

GloriousHammer the Firebug (DsFE)                    Turns: 975, Time: 00:02:56

Health: -1/24      AC:  3    Str:  8    XL:     3   Next: 25%
Magic:  3/6        EV:  1    Int: 17    God:
Gold:   81         SH:  0    Dex: 13    Spells: 3/6 levels left

rFire   . . .        l - +0 long sword
rCold   . . .        (no shield)
rNeg    . . .        a - +0 robe
rPois   .            m - +0 helmet
rElec   .            (no cloak)
rCorr   .            (no gloves)
SInv    .            (no boots)
Will    .....        (no amulet)
Stlth   +++          (no ring)
HPRegen 0.24/turn    (no ring)
MPRegen 0.10/turn

%: no passive effects
@: wreathed by umbra, constricted
A: weakness stinger 1, foul shadow 1
a: no special abilities


You were on level 2 of the Dungeon.
You visited 1 branch of the dungeon, and saw 2 of its levels.

You collected 81 gold pieces.

Inventory:

Hand Weapons
 c - a +0 sling
 e - a +0 dagger
 l - a +0 long sword (weapon)
Missiles
 d - 3 javelins
Armour
 a - a +0 robe (worn)
 m - a +0 helmet (worn)
Scrolls
 f - a scroll of teleportation {unknown}
 g - a scroll of silence {unknown}
 i - a scroll of fog {unknown}
Potions
 b - a potion of magic
 h - a potion of ambrosia {unknown}
 j - 2 potions of heal wounds {unknown}
 k - a potion of invisibility {unknown}


   Skills:
 - Level 2.0 Dodging
 + Level 2.2 Stealth
 + Level 2.3 Spellcasting
 + Level 1.6 Conjurations
 + Level 3.0 Fire Magic


You had 3 spell levels left.
You knew the following spells:

 Your Spells              Type           Power      Damage    Failure   Level
a - Foxfire               Conj/Fire      40%        2x1d6     7%          1
b - Scorch                Fire           24%        2d6       8%          2

Your spell library contained the following spells:

 Spells                   Type           Power      Damage    Failure   Level
 Inner Flame              Hex/Fire       7%         N/A       30%         3
 Volatile Blastmotes      Fire/Tloc      14%        2d11      30%         3
 Flame Wave               Conj/Fire      10%        2d6       56%         4
 Conjure Ball Lightning   Conj/Air       2%         3x3d6     100%        6
 Discord                  Hex            1%         N/A       100%        8
 Disjunction              Tloc           1%         N/A       100%        8


Dungeon Overview and Level Annotations

Branches:
Dungeon (2/15)

Altars:


Innate Abilities, Weirdness & Mutations

You have a small tail.
You are faintly shadowed, very rarely releasing foul flame when damaged in melee.


Message History

Casting: Scorch (safe; 9% risk of failure)
Confirm with . or Enter, or press ? or * to list all spells.
Flames lash the ribbon worm.
The ribbon worm is heavily wounded.
The ribbon worm's fire resistance burns away.
Casting: Scorch (safe; 9% risk of failure)
Confirm with . or Enter, or press ? or * to list all spells.
Flames lash the ribbon worm.
The ribbon worm is burned terribly!
The ribbon worm is almost dead.
The ribbon worm closely misses you.
You slash the ribbon worm!
You kill the ribbon worm!
Casting: Scorch (safe; 9% risk of failure)
Confirm with . or Enter, or press ? or * to list all spells.
You don't have enough magic to cast this spell.
Casting: Scorch (safe; 9% risk of failure)
Confirm with . or Enter, or press ? or * to list all spells.
You don't have enough magic to cast this spell.
You hit the kobold.
You kill the kobold!
You see here a +0 club.
You see here a +0 helmet.
You start putting on your armour.
You continue putting on your +0 helmet. x4
You finish putting on your +0 helmet.
Magic restored.
You now have 64 gold pieces (gained 6).
You now have 74 gold pieces (gained 10).
Found a stone staircase leading down.
Found a faded altar of an unknown god.
Found a chain mail.
Found a plate armour.
An endoplasm comes into view.
A goblin comes into view. It is wielding a +2 vampiric dagger.
You see here 7 gold pieces.
You now have 81 gold pieces (gained 7).
Casting: Scorch (safe; 9% risk of failure)
Confirm with . or Enter, or press ? or * to list all spells.
Flames lash the goblin.
You kill the goblin!
You hear an angry hiss. x2
An adder comes into view.
An endoplasm comes into view.
Found 11 gold pieces.
The endoplasm freezes you.
You are frozen.
A ball python comes into view.
Casting: Scorch (safe; 8% risk of failure)
Confirm with . or Enter, or press ? or * to list all spells.
Flames lash the endoplasm.
You kill the endoplasm!
The endoplasm quivers.
The ball python closely misses you. The ball python barely misses you.
The ball python bites you. The ball python grabs you.
The ball python constricts you.
Casting: Scorch (safe; 8% risk of failure)
Confirm with . or Enter, or press ? or * to list all spells.
Flames lash the endoplasm.
You kill the endoplasm!
The adder bites you but does no damage. The ball python bites you.
The ball python constricts you.
Casting: Scorch (safe; 8% risk of failure)
Confirm with . or Enter, or press ? or * to list all spells.
You don't have enough magic to cast this spell.
You miss the adder. The adder bites you.
You are poisoned.
The adder poisons you!
The ball python bites you but does no damage.
The ball python constricts you. The adder barely misses you.
The ball python's grasp on you weakens, but your attempt to escape fails.
You feel sick. The ball python bites you. The ball python constricts you.
The adder bites you.
The ball python bites you but does no damage.
The ball python constricts you. The adder bites you.
* * * LOW HITPOINT WARNING * * *
The adder is seared by the foul flame within you.
The adder is moderately wounded.
Unknown command.
Magic courses through your body.
You feel sick. The ball python barely misses you.
The ball python constricts you.
* * * LOW HITPOINT WARNING * * *
The adder bites you but does no damage.
Casting: Scorch (safe; 8% risk of failure)
Confirm with . or Enter, or press ? or * to list all spells.
Flames lash the adder.
The adder is severely wounded.
The adder's fire resistance burns away.
You feel sick. The adder bites you but does no damage.
The ball python bites you but does no damage.
The ball python constricts you.
* * * LOW HITPOINT WARNING * * *
Casting: Scorch (safe; 8% risk of failure)
Confirm with . or Enter, or press ? or * to list all spells.
Flames lash the adder.
The adder is burned terribly!
You kill the adder!
You feel sick.
You are no longer poisoned.
The ball python bites you.
* * * LOW HITPOINT WARNING * * *
The ball python constricts you.
You die...

##.####.>..... # ...#
#....# #..
######.#..# #.#
#####....######.##
......#..........#
.####............####
#.# ##.........[....
.## #.#.#......#S# .#
#.#.#....[.@# .#
#...#......#.# .#
#..........#$#
.#####.#.#.##.#..#.
............)...#.##
.........#.###......
........... ######...
########## ###


You could see a ball python.

Vanquished Creatures
  An adder (D:2)
  A dart slug (D:1)
  A ribbon worm (D:2)
  2 ball pythons (D:1)
  8 endoplasms
  A giant cockroach (D:1)
  4 goblins
  A hobgoblin (D:1)
  4 kobolds
  A quokka (D:1)
  3 bats (D:1)
  3 frilled lizards
  A rat (D:1)
31 creatures vanquished.

Vanquished Creatures (others)
  36 foxfires (D:1)
36 creatures vanquished.

Grand Total: 67 creatures vanquished

Notes
Turn   | Place    | Note
-------+----------+-------------------------------------------
     0 | D:1      | GloriousHammer the Demonspawn Fire Elementalist began the
                  | quest for the Orb.
     0 | D:1      | Reached XP level 1. HP: 13/13 MP: 3/3
   232 | D:1      | Gained mutation: You are faintly shadowed, very rarely
                  | releasing foul flame when damaged in melee. [demonic
                  | ancestry]
   232 | D:1      | Reached XP level 2. HP: 10/19 MP: 1/5
   281 | D:1      | Learned a level 2 spell: Scorch
   534 | D:1      | Reached skill level 3 in Fire Magic
   545 | D:1      | Gained mutation: You have a small tail. [demonic ancestry]
   545 | D:1      | Reached XP level 3. HP: 24/24 MP: 0/6
   955 | D:2      | Found a faded altar of an unknown god.
   975 | D:2      | HP: 1/24 [ball python (2)]
   975 | D:2      | Constricted to death by a ball python

Illustrated notes

Levels and vault maps discovered:
D:1:      scummos_arrival_hexagon, layout_basic
D:2:      layout_loops_ring, dreamdust_ecumenical_altar_grove, basic_altar,
          minmay_small_reverse_x

Skill      XL: |  1  2 |
---------------+-------+-----
Dodging        | 2 |  2.0
Stealth        | 2 |  2.2
Fire Magic     | 3 |  3.0
Spellcasting   | |  2.3
Conjurations   | |  1.6

Action                     || total
---------------------------++-------
  Melee: Dagger            ||    27
         Long sword        ||     3
   Cast: Foxfire           ||    21
         Scorch            ||    17
    Use: Potion            ||     1
 Armour: Robe              ||    31
  Dodge: Dodged            ||    16

Table legend: (Time is in decaauts)
 A = Elapsed time spent in this place.
 B = Non-inter-level travel time spent in this place.
 C = Inter-level travel time spent in this place.
 D = Time resting spent in this place.
 E = Time spent auto-exploring this place.
 F = Levels seen in this place.
 G = Mean time per level.
                   A        B        C        D        E       F      G
               +--------+--------+--------+--------+--------+-----+--------+
         Total |    974 |    937 |     37 |    103 |    573 |   2 |  487.0 |
       Dungeon |    974 |    937 |     37 |    103 |    573 |   2 |  487.0 |
               +--------+--------+--------+--------+--------+-----+--------+

Top non-repeatable levels by time:
     D:1: 812 daAuts
     D:2: 162 daAuts
